 Dungeon Crawl Stone Soup version 0.28-a0-1638-g9123634e07 (webtiles) character file.

Game seed: 14013718783093210363

119 porpoise the Insei (level 4, -9/35 HPs)
             Began as a Demonspawn Transmuter on Jan 26, 2022.
             Mangled by a gnoll sergeant (13 damage)
             ... on level 3 of the Dungeon.
             The game lasted 00:10:57 (4216 turns).

porpoise the Insei (Demonspawn Transmuter)          Turns: 4216, Time: 00:10:58

Health: -9/35      AC:  2    Str: 13    XL:     4   Next: 73%
Magic:  6/7        EV: 12    Int: 14    God:
Gold:   122        SH:  8    Dex: 13    Spells: 1/7 levels left

rFire   . . .      SeeInvis .   a - +0 short sword
rCold   . . .      Faith    .   (no shield)
rNeg    . . .      Spirit   .   l - +0 robe
rPois   .          Reflect  .   (helmet currently unavailable)
rElec   .          Harm     .   (no cloak)
rCorr   .          Rampage  .   (no gloves)
Will    .....                   (boots currently unavailable)
Stlth   ++........              (no amulet)
HPRegen 0.11/turn               (no ring)
MPRegen 0.10/turn               (no ring)

@: lethally poisoned (-9 -> -20), appendages (expiring), hasted, invisible, very
quick
A: horns 2, talons 2, large bone plates 1, condensation shield
a: End Transformation


You were on level 3 of the Dungeon.
You had temporarily grown beastly horns and talons.
You visited 1 branch of the dungeon, and saw 3 of its levels.

You collected 122 gold pieces.

Inventory:

Hand Weapons
 a - a +0 short sword (weapon)
Missiles
 f - 27 stones
 g - 62 arrows
 h - 32 bolts
 p - 13 sling bullets
Armour
 j - a +0 buckler
 l - a +0 robe (worn)
Magical Staves
 o - a staff of air
Scrolls
 c - a scroll of summoning {unknown}
 d - 3 scrolls of fear {unknown}
 e - a scroll of silence {unknown}
 k - 2 scrolls of enchant weapon {unknown}
 m - a scroll of holy word {unknown}
 n - 2 scrolls of identify {unknown}
Potions
 q - a potion of cancellation {unknown}
 r - a potion of mutation {unknown}


   Skills:
 * Level 3.0 Fighting
 - Level 1.7 Dodging
 + Level 1.5 Stealth
 * Level 3.8 Unarmed Combat
 - Level 2.0 Spellcasting
 - Level 1.7 Transmutations


You had one spell level left.
You knew the following spells:

 Your Spells              Type           Power      Damage    Failure   Level
a - Beastly Appendage     Tmut           12%        N/A       12%         1
t - Confusing Touch       Hex            1%         N/A       56%         3
w - Wereblood             Tmut           6%         N/A       17%         2

Your spell library contained the following spells:

 Spells                   Type           Power      Damage    Failure   Level
 Animate Skeleton         Necr           2%         N/A       24%         1
 Pain                     Necr           4%         1d4       24%         1
 Slow                     Hex            4%         N/A       24%         1
 Corpse Rot               Necr/Air       2%         N/A       34%         2
 Poisonous Vapours        Pois/Air       2%         N/A       34%         2
 Spider Form              Tmut/Pois      3%         N/A       45%         3
 Vampiric Draining        Necr           1%         2d6       56%         3
 Ice Form                 Ice/Tmut       3%         N/A       86%         4


Dungeon Overview and Level Annotations

Branches:
Dungeon (3/15)

Altars:
Kikubaaqudgha

Annotations:
D:3 1 runed translucent door, dolemite99's ghost, amateur GnWn


Innate Abilities, Weirdness & Mutations

You have temporarily grown beastly horns and talons.
You are partially covered in large bone plates. (SH +4)
A meltable shield of frost defends you. (SH +4)


Message History

Your punch misses the adder.
The adder is moderately wounded.
You hear a shout!
The adder bites you.
You are poisoned.
The adder poisons you! The adder bites you.
You are more poisoned.
The adder poisons you!
Casting: Beastly Appendage (safe; 12% risk of failure)
Confirm with . or Enter, or press ? or * to list all spells.
You grow a pair of large bovine horns.
Your feet morph into talons.
You feel sick. The adder closely misses you.
Casting: Beastly Appendage (safe; 12% risk of failure)
Confirm with . or Enter, or press ? or * to list all spells.
The spell is extremely dangerous to miscast (56% risk of failure)!
Continue anyway?
Okay, then.
It was a potion of haste.
You feel yourself speed up.
You feel sick. The adder misses you.
You hit the adder.
The adder is heavily wounded.
You feel sick. You block the adder's attack.
You hit the adder.
You kill the adder!
You feel sick.
The gnoll sergeant hits you from afar with a +1 spear of venom.
A gnoll comes into view. It is wielding a +0 whip.
Found a book of Air.
The gnoll sergeant hits you with a +1 spear of venom!
* * * LOW HITPOINT WARNING * * *
You are lethally poisoned!
You see here an adder corpse.
You closely miss the gnoll sergeant.
* * * LOW HITPOINT WARNING * * *
You feel very sick.
It was a potion of invisibility.
You fade into invisibility!
Your transformation is almost over.
* * * LOW HITPOINT WARNING * * *
You feel sick.
The gnoll sergeant hits you with a +1 spear of venom!
You die...

.##.###.#.......).#...#.#
........###########...#.#
..#.##### ####...#.#
#...# #......#.# ..#.#
###.##g ##
....########.......
.............. ... ..
.......###.# #g# .#.#
#.####.# #@# .#.# # #.
#.# #.# .#.##.# #. #.#
#.##..<...# #. #.# #.#
#.#.......# #.# #.#
#.........# #####.# #.#
###.......# #.....# #.#
##.......## #.##### #.#
##...###...# ##.# #.#
##...##W##...


You could see a gnoll sergeant and a gnoll (wandering).

Vanquished Creatures
  3 gnolls
  5 adders
  A worm (D:2)
  6 ball pythons
  9 bats
  An endoplasm (D:1)
  2 giant cockroaches
  4 goblins
  2 hobgoblins (D:1)
  3 quokkas
  5 frilled lizards
  2 kobolds (D:1)
  4 rats
47 creatures vanquished.

Vanquished Creatures (others)
  5 toadstools (D:1)
5 creatures vanquished.

Grand Total: 52 creatures vanquished

Notes
Turn   | Place    | Note
-------+----------+-------------------------------------------
     0 | D:1      | porpoise the Demonspawn Transmuter began the quest for the
                  | Orb.
     0 | D:1      | Reached XP level 1. HP: 15/15 MP: 3/3
   459 | D:1      | Gained mutation: A meltable shield of frost defends you.
                  | (SH +4) [demonic ancestry]
   459 | D:1      | Reached XP level 2. HP: 20/21 MP: 3/5
  1519 | D:1      | Gained mutation: You are partially covered in large bone
                  | plates. (SH +4) [demonic ancestry]
  1519 | D:1      | Reached XP level 3. HP: 25/27 MP: 4/6
  1891 | D:2      | Learned a level 2 spell: Wereblood
  1895 | D:2      | Learned a level 3 spell: Confusing Touch
  2607 | D:2      | Reached skill level 1 in Stealth
  3633 | D:3      | Reached XP level 4. HP: 34/34 MP: 5/7
  3956 | D:3      | Found an ancient bone altar of Kikubaaqudgha.
  3984 | D:3      | Found a runed translucent door.
  3984 | D:3      | Noticed dolemite99's ghost (amateur GnWn)
  4208 | D:3      | Noticed a gnoll sergeant
  4216 | D:3      | Mangled by a gnoll sergeant

Illustrated notes

Levels and vault maps discovered:
D:1:      ldierk_walled_garden, layout_loops_corners, serial_co_window_serial,
          co_window_paths_b, co_window_paths_a, co_window_of_opportunity_a,
          co_window_paths_b, co_window_corner_a, co_window_paths_b,
          co_window_2corner, co_window_of_opportunity_c, co_window_corner_b,
          co_window_of_opportunity_b, co_window_2corner,
          co_window_of_opportunity_b, co_window_broadway_c, co_window_paths_d,
          co_window_4corner_a, glass_columns_c, glass_columns_b,
          glass_columns_b, glass_columns_c
D:2:      layout_basic, minmay_box_of_dots
D:3:      layout_loops_ring, grunt_dithmenos_smoke,
          mainiacjoe_overflow_tiny_flanked, hellmonk_ghost_happy_afterlife,
          serial_shops, nicolae_shop_window_shopping, minmay_misc_feat_roman,
          minmay_misc_feat_square, solitary_fountain

Skill      XL: |  1  2  3  4 |
---------------+-------------+-----
Unarmed Combat | 3 |  3.8
Fighting       | 2 3 |  3.0
Stealth        | 1 |  1.5
Dodging        | |  1.7
Spellcasting   | |  2.0
Transmutations | |  1.7

Action                   |  1- 3 |  4- 6 || total
-------------------------+-------+-------++-------
Melee: Unarmed           |    91 |       ||    91
       Kick              |    25 |     7 ||    32
       Headbutt          |    13 |     6 ||    19
       Punch             |     3 |       ||     3
       Short sword       |    28 |    30 ||    58
 Cast: Beastly Appendage |    36 |    10 ||    46
  Use: Potion            |       |     2 ||     2
 Stab: Sleeping          |     2 |     1 ||     3
Armor: Robe              |    30 |     3 ||    33
Dodge: Dodged            |    73 |    10 ||    83
Block: Other             |    29 |    10 ||    39

Table legend: (Time is in decaauts)
 A = Elapsed time spent in this place.
 B = Non-inter-level travel time spent in this place.
 C = Inter-level travel time spent in this place.
 D = Time resting spent in this place.
 E = Time spent auto-exploring this place.
 F = Levels seen in this place.
 G = Mean time per level.
                   A        B        C        D        E       F      G
               +--------+--------+--------+--------+--------+-----+--------+
         Total |   4216 |   4023 |    193 |   1318 |   2205 |   3 | 1405.3 |
       Dungeon |   4216 |   4023 |    193 |   1318 |   2205 |   3 | 1405.3 |
               +--------+--------+--------+--------+--------+-----+--------+

Top non-repeatable levels by time:
     D:1: 1925 daAuts
     D:2: 1687 daAuts
     D:3: 602 daAuts
